Map: [ESL] Oceanborn

Players

Oliveira - Winner!

  • Race: Terran Terran
  • Spawn Location: 5:00

SCV

  • Race: Protoss Protoss
  • Spawn Location: 11:00

Event: ESL SC2 Masters 2023 Winter (Regional)

VOD

Have the link to the VOD?

Description

Time

  • Played on: Oct. 28, 2023, 7:30 a.m.
  • Length: 17:02

All games in this series

Show
View Real Time Build Order
Export as new Build Order

Oliveira Terran - Winner!

Build Orders: Reaper Expand 

Get SALT Encoding   

  12  0:00  SCV  
  13  0:12  SCV  
  14  0:17  Supply Depot  
  14  0:24  SCV  
  15  0:38  SCV  
  15  0:40  Barracks  
  16  0:45  Refinery  
  16  0:50  SCV  
  17  1:03  SCV  
  18  1:15  SCV  
  19  1:28  Orbital Command, Reaper  
  20  1:40  Command Center  
  20  1:47  Supply Depot  
  20  1:54  SCV  
  20  2:00  Marine  
  22  2:06  SCV  
  23  2:08  Factory  
  23  2:16  Bunker  
  23  2:18  SCV  
  23  2:20  Refinery  
  23  2:22  Barracks Reactor  
  24  2:31  SCV  
  25  2:43  SCV  
  26  2:52  Hellion  
  26  2:53  Starport  
  26  2:55  SCV  
  26  2:56  Orbital Command  
  29  2:58  Marine x2  
  29  3:02  Orbital Command  
  31  3:08  SCV  
  32  3:14  Hellion  
  32  3:17  Marine x2  
  36  3:20  SCV  
  36  3:23  Supply Depot  
  37  3:28  SCV  
  37  3:29  Medivac  
  37  3:32  SCV  
  41  3:35  Hellion  
  41  3:36  Marine  
  44  3:42  SCV  
  44  3:43  Supply Depot  
  44  3:44  SCV  
  46  3:54  SCV  
  46  3:55  Marine x2  
  47  3:56  SCV  
  47  4:01  Factory Tech Lab  
  50  4:06  SCV  
  50  4:08  SCV  
  50  4:09  Supply Depot  
  52  4:10  Starport Tech Lab  
  52  4:13  Marine x2  
  54  4:18  SCV  
  54  4:20  SCV  
  54  4:21  Barracks  
  56  4:25  Barracks  
  56  4:26  Engineering Bay  
  56  4:29  Raven, Interference Matrix  
  56  4:30  SCV  
  59  4:33  SCV  
  59  4:36  Marine x2, Refinery  
  62  4:42  Supply Depot  
  62  4:43  SCV  
  62  4:45  SCV  
  64  4:54  Marine x2  
  64  4:55  Terran Infantry Weapons Level 1, SCV  
  64  4:57  SCV  
  64  4:59  Supply Depot  
  68  5:07  SCV  
  68  5:09  Stimpack, Marauder, SCV  
  72  5:17  Marine x2, Refinery  
  72  5:19  Factory Reactor, SCV  
  76  5:21  SCV  
  76  5:22  Supply Depot  
  76  5:23  Supply Depot  
  75  5:31  SCV, Marauder  
  75  5:33  SCV  
  75  5:34  Starport Reactor  
  79  5:37  Marine x2  
  79  5:38  Marauder  
  77  5:45  Combat Shield, Supply Depot  
  77  5:52  Marauder  
  77  5:55  Marine x2  
  77  5:56  Widow Mine x2  
  85  5:59  Marauder  
  85  6:01  Command Center  
  87  6:07  Supply Depot  
  87  6:11  Medivac x2  
  91  6:14  Marauder  
  91  6:16  Marine  
  91  6:17  Marine  
  95  6:20  Marauder, Widow Mine  
  95  6:21  Widow Mine  
  101  6:30  Supply Depot  
  101  6:34  Barracks  
  101  6:35  Barracks, Marauder  
  101  6:38  Marine  
  101  6:39  Marine  
  105  6:41  Medivac  
  105  6:42  Marauder  
  105  6:45  Medivac  
  105  6:46  Widow Mine  
  113  6:48  Widow Mine  
  113  6:49  Concussive Shells  
  115  6:56  Marauder, Terran Infantry Armor Level 1, Supply Depot  
  115  6:58  SCV  
  118  7:07  Marine  
  118  7:08  Marine  
  117  7:09  Marauder  
  117  7:11  SCV  
  121  7:16  Viking x2  
  121  7:17  SCV  
  121  7:20  Marauder  
  124  7:23  Barracks Reactor  
  124  7:24  Barracks Tech Lab  
  124  7:25  SCV  
  124  7:28  Marine  
  126  7:31  SCV  
  126  7:33  Marine  
  126  7:34  Supply Depot  
  128  7:41  Marauder  
  128  7:42  SCV  
  128  7:43  Orbital Command  
  117  7:53  Marine  
  117  7:54  Marine, Marauder  
  117  7:55  Marauder  
  117  7:56  Viking  
  117  7:57  SCV  
  122  8:03  Marine x2, SCV  
  122  8:04  Viking, Marauder  
  124  8:09  SCV x2  
  126  8:15  SCV, Refinery x2  
  126  8:17  Marauder  
  129  8:21  SCV x2  
  129  8:22  Supply Depot  
  129  8:24  Armory  
  129  8:25  Engineering Bay  
  131  8:27  Marauder  
  131  8:28  Marauder  
  131  8:29  SCV  
  131  8:33  Viking, SCV  
  139  8:35  Viking  
  143  8:41  Marauder  
  143  8:44  Marine x2  
  143  8:45  Supply Depot  
  143  8:48  SCV x2  
  147  8:49  Marauder  
  147  8:51  Ghost Academy  
  147  8:52  Marauder  
  151  8:58  SCV  
  151  9:00  Command Center, SCV  
  153  9:03  Viking  
  153  9:05  Viking  
  153  9:09  Supply Depot  
  157  9:13  Terran Infantry Weapons Level 2  
  157  9:14  Terran Infantry Armor Level 2  
  157  9:15  Terran Ship Weapons Level 1  
  157  9:21  Ghost x2  
  160  9:24  Ghost  
  160  9:25  Marine x2  
  164  9:33  Viking, Supply Depot  
  164  9:35  Viking  
  164  9:37  Marine x2  
  170  9:42  SCV x3  
  170  9:44  Starport  
  172  9:49  Sensor Tower, Marine x2  
  174  9:54  Marauder  
  174  9:55  Marauder, Supply Depot  
  174  9:57  Missile Turret  
  174  9:58  Marauder  
  174  9:59  Marine x2  
  182  10:05  SCV x2  
  182  10:06  SCV  
  182  10:07  Liberator  
  184  10:09  Marine  
  184  10:11  Liberator  
  191  10:16  Marine  
  191  10:17  Marine x2, Marauder  
  191  10:18  Marauder  
  198  10:33  Barracks x2  
  198  10:35  Barracks  
  198  10:44  Marine  
  198  10:46  Planetary Fortress  
  199  10:51  Command Center  
  199  10:52  Fusion Core  
  199  11:01  Liberator  
  198  11:06  Marine  
  195  11:20  Marine x2  
  195  11:21  Marauder  
  195  11:23  Marauder, Marine  
  195  11:24  Liberator  
  177  11:27  Marine  
  177  11:28  Marauder  
  177  11:31  Barracks Reactor, Barracks Tech Lab  
  177  11:32  Barracks Tech Lab  
  170  11:38  Marine  
  162  11:41  Ghost  
  162  11:44  Ghost  
  162  11:46  Marine  
  156  11:49  Marauder  
  156  11:52  Marine  
  156  11:53  Ghost  
  156  11:54  Marine  
  150  11:55  Marine  
  150  11:56  Liberator, Marine  
  153  12:04  Marine, Refinery  
  153  12:05  Refinery  
  153  12:06  Advanced Ballistics, Command Center  
  153  12:07  Terran Infantry Weapons Level 3  
  153  12:08  Marine  
  155  12:09  Marine  
  155  12:10  Ghost, Marauder, Marine  
  155  12:12  Marine  
  155  12:13  Marauder  
  164  12:17  Ghost  
  163  12:23  Marine  
  163  12:24  Marine  
  163  12:26  Ghost  
  163  12:27  Marine  
  163  12:29  Viking x2  
  164  12:30  Viking  
  164  12:31  Marine x2  
  166  12:37  Marine  
  167  12:44  Terran Infantry Armor Level 3  
  167  12:47  Missile Turret  
  167  12:48  Marine  
  167  12:50  Missile Turret, Marine x2  
  167  12:51  Terran Ship Weapons Level 2, Marine  
  171  12:53  Marauder x2  
  171  12:54  Marauder  
  171  12:56  Missile Turret  
  177  13:01  SCV x2  
  177  13:05  Planetary Fortress  
  179  13:09  Marauder  
  181  13:13  Marauder  
  181  13:14  Marine x3  
  181  13:17  Marine x2, Refinery x2  
  181  13:18  Marine  
  189  13:20  Orbital Command  
  189  13:23  Missile Turret  
  189  13:24  Marauder  
  191  13:27  Marauder  
  191  13:28  Marauder  
  191  13:31  Marine  
  191  13:32  Marine  
  197  13:34  Liberator  
  194  14:07  Liberator x2  
  196  14:15  Command Center  
  196  14:16  Command Center  
  192  14:33  Marine  
  192  14:36  Marine x2  
  192  14:37  Marauder  
  192  14:38  Liberator x2  
  189  14:57  Liberator  
  189  14:58  Marauder, Marine x2  
  189  14:59  Liberator  
  178  15:00  Marine x3  
  178  15:01  Marauder  
  176  15:09  Ghost x3  
  176  15:10  Marine  
  183  15:16  Marine  
  183  15:20  Liberator, Marine x3  
  183  15:21  Liberator, Ghost  
  187  15:24  Command Center  
  189  15:29  Orbital Command, Marauder  
  191  15:38  Ghost, Marauder  
  191  15:40  Liberator  
  191  15:42  Liberator  
  200  15:55  Caduceus Reactor, Marine  
  200  15:57  Marine x2, Marauder x3  
  171  16:00  Marine x2, Marauder  
  171  16:03  Orbital Command, Liberator x2  
  171  16:04  Orbital Command  
  181  16:09  Marauder  
  176  16:19  Marauder x2, Marine x2  
  176  16:23  Marine  
  186  16:30  Marine x2  
  186  16:31  Marauder  
  158  16:33  Marine x2  
  158  16:34  Marauder  
Show
View Real Time Build Order
Export as new Build Order

SCV Protoss 

Build Orders: 1 Gate Expand, Blink Stalkers, Colossus Rush 

Get SALT Encoding   

  12  0:00  Probe  
  13  0:12  Probe  
  14  0:18  Pylon  
  14  0:24  Probe (Chrono Boost)  
  15  0:36  Probe (Chrono Boost)  
  15  0:37  Gateway  
  16  0:45  Probe (Chrono Boost)  
  16  0:46  Assimilator  
  17  0:50  Probe  
  18  1:03  Probe  
  19  1:15  Probe  
  20  1:23  Cybernetics Core  
  20  1:33  Nexus  
  20  1:34  Probe  
  21  1:41  Pylon  
  21  1:46  Probe  
  22  1:50  Assimilator  
  22  1:58  Probe, Adept (Chrono Boost)  
  22  1:59  Warp Gate (Chrono Boost)  
  25  2:10  Probe  
  26  2:23  Twilight Council, Probe  
  27  2:33  Stalker  
  30  2:37  Probe (Chrono Boost)  
  30  2:45  Probe (Chrono Boost)  
  32  2:54  Probe x2 (Chrono Boost)  
  32  2:55  Blink (Chrono Boost)  
  32  2:57  Gateway  
  33  3:00  Probe x2 (Chrono Boost)  
  35  3:12  Probe x2  
  37  3:21  Robotics Facility  
  37  3:24  Probe x2  
  39  3:32  Pylon  
  39  3:36  Probe x2  
  39  3:40  Stalker  
  43  3:47  Nexus  
  43  3:50  Probe x2  
  45  3:56  Pylon  
  45  4:01  Stalker  
  48  4:02  Probe  
  48  4:03  Probe  
  48  4:06  Stalker  
  48  4:09  Observer (Chrono Boost)  
  52  4:10  Assimilator  
  52  4:12  Assimilator  
  52  4:14  Probe  
  52  4:15  Probe  
  54  4:19  Pylon  
  54  4:25  Stalker  
  54  4:26  Observer (Chrono Boost)  
  54  4:27  Probe x2  
  59  4:39  Probe x2  
  59  4:41  Pylon  
  61  4:47  Robotics Bay  
  61  4:52  Probe x2 (Chrono Boost)  
  63  5:00  Probe (Chrono Boost)  
  66  5:09  Probe x3 (Chrono Boost)  
  66  5:14  Probe (Chrono Boost)  
  66  5:15  Gateway, Charge, Probe x2  
  66  5:17  Gateway  
  66  5:20  Stalker  
  71  5:26  Probe  
  71  5:27  Probe x2  
  74  5:31  Gateway x2, Stalker  
  74  5:38  Probe  
  74  5:39  Probe x2  
  71  5:42  Colossus (Chrono Boost)  
  71  5:45  Extended Thermal Lance  
  77  5:51  Shield Battery, Probe x3  
  77  5:55  Shield Battery  
  80  6:00  Gateway  
  80  6:01  Gateway  
  80  6:02  Sentry  
  82  6:05  Probe x3  
  85  6:12  Pylon  
  85  6:19  Colossus (Chrono Boost)  
  85  6:20  Sentry  
  85  6:24  Pylon  
  93  6:29  Shield Battery  
  93  6:30  Probe  
  93  6:32  Pylon  
  94  6:36  Nexus  
  94  6:38  Zealot x2  
  98  6:44  Pylon  
  98  6:47  Pylon  
  98  6:54  Zealot x2  
  100  6:59  Colossus (Chrono Boost)  
  106  7:05  Stalker x4  
  110  7:08  Zealot  
  110  7:10  Zealot  
  114  7:19  Probe x2  
  114  7:24  Probe  
  114  7:27  Shield Battery  
  115  7:30  Pylon  
  115  7:31  Probe x2, Stalker x4  
  115  7:34  Stalker  
  115  7:36  Probe  
  128  7:42  Pylon  
  128  7:43  Probe x2  
  130  7:48  Probe  
  122  7:56  Zealot x7  
  132  7:59  Probe x3  
  132  8:00  Probe  
  134  8:09  Observer  
  134  8:11  Probe x3  
  137  8:13  Probe  
  137  8:17  Observer (Chrono Boost), Forge  
  137  8:18  Forge  
  139  8:21  Sentry, Pylon  
  139  8:23  Probe  
  142  8:29  Pylon  
  142  8:31  Pylon  
  142  8:32  Probe  
  142  8:33  Observer  
  143  8:37  Robotics Facility  
  143  8:40  Nexus  
  144  8:41  Pylon  
  144  8:43  Stalker, Pylon  
  144  8:44  Stalker x3  
  152  8:48  Protoss Ground Weapons Level 1 (Chrono Boost)  
  152  8:49  Protoss Ground Armor Level 1 (Chrono Boost)  
  152  8:50  Pylon  
  152  8:51  Disruptor (Chrono Boost)  
  156  8:59  Probe x2  
  156  9:00  Probe x2  
  156  9:01  Pylon  
  160  9:08  Assimilator  
  160  9:10  Assimilator, Pylon  
  160  9:11  Probe x2  
  160  9:12  Probe x2  
  160  9:13  Photon Cannon  
  164  9:21  Stalker x5  
  164  9:23  Shield Battery  
  174  9:24  Disruptor (Chrono Boost)  
  174  9:31  Disruptor (Chrono Boost)  
  182  9:35  Zealot x3  
  188  9:41  Gateway  
  188  9:44  Gateway  
  188  9:46  Pylon  
  188  9:50  Disruptor (Chrono Boost)  
  188  9:53  Disruptor (Chrono Boost)  
  196  10:05  Gateway x2  
  196  10:07  Pylon  
  196  10:10  Photon Cannon  
  196  10:15  Dark Shrine  
  196  10:17  Nexus  
  196  10:20  Pylon  
  196  10:27  Zealot x2  
  199  10:31  Observer  
  199  10:35  Photon Cannon  
  200  10:50  Protoss Ground Weapons Level 2 (Chrono Boost), Protoss Ground Armor Level 2 (Chrono Boost)  
  200  10:52  Pylon  
  199  11:10  Stalker  
  197  11:25  Stalker x9  
  167  11:27  Colossus x2 (Chrono Boost)  
  167  11:29  Zealot x2  
  185  11:39  Zealot  
  138  11:49  Stalker  
  138  11:50  Zealot x8, Stalker x2  
  120  11:55  Zealot  
  120  11:56  Zealot x8  
  120  12:00  Stalker x10  
  116  12:06  Photon Cannon  
  116  12:07  Pylon  
  106  12:10  Disruptor (Chrono Boost)  
  106  12:13  Probe  
  106  12:14  Probe x2  
  114  12:16  Zealot x2  
  115  12:25  Zealot x8  
  115  12:27  Observer  
  115  12:28  Nexus  
  115  12:29  Disruptor (Chrono Boost)  
  128  12:38  Disruptor (Chrono Boost), Stalker x2  
  128  12:39  Stalker  
  128  12:42  Zealot  
  128  12:43  Nexus  
  140  12:46  Pylon  
  140  12:49  Probe x4  
  144  12:58  Zealot x8  
  164  13:07  Disruptor (Chrono Boost), Probe  
  164  13:11  Probe  
  164  13:12  Disruptor (Chrono Boost), Probe x2  
  172  13:15  Shield Battery  
  172  13:19  Probe  
  173  13:24  Probe x2  
  175  13:29  Shield Battery, Stalker x2  
  175  13:30  Zealot x6  
  175  13:32  Disruptor (Chrono Boost), Probe  
  196  13:45  Pylon  
  182  14:00  Stalker x8  
  182  14:02  Zealot x2  
  198  14:13  Protoss Ground Weapons Level 3 (Chrono Boost)  
  198  14:24  Probe (Chrono Boost)  
  191  14:31  Nexus  
  191  14:33  Stalker, Probe (Chrono Boost)  
  191  14:34  Stalker x4  
  191  14:38  Zealot x4, Probe (Chrono Boost)  
  200  14:48  Stalker x3  
  168  15:05  Zealot x9  
  173  15:09  Probe (Chrono Boost)  
  174  15:19  Probe (Chrono Boost)  
  175  15:23  Stalker x3  
  175  15:24  Probe (Chrono Boost)  
  175  15:28  Nexus, Stalker x3  
  188  15:34  Observer (Chrono Boost), Disruptor (Chrono Boost)  
  185  15:36  Probe  
  178  15:48  Probe  
  169  15:58  Zealot, Stalker x8  
  187  16:04  Probe (Chrono Boost)  
  188  16:14  Probe (Chrono Boost)  
  187  16:21  Zealot x7  
  129  16:40  Stalker x5  
  129  16:41  Stalker x2  
  129  16:44  Zealot  
  115  16:47  Zealot x2  
  101  16:54  Zealot x2  
Tags
 
Add a new tag
Caveats
  • Supply blocks, unpowered buildings, or Contaminate may cause inaccurate times.
  • Supply counts are checked every 10 seconds.